AoeStats
← 文森

Black Forest

508244136Analyzed
4v4 RM · 11d ago on Sep 21, 2026· 48m 33s· 8 players
Game mode
Random Map
Map size
Large (8 player)
Population
200
Speed
Normal
Resources
Standard
Victory
Conquest
Starting age
Dark Age
Ending age
Imperial Age
RankedLock teamsTeams togetherTeam positionsShared explorationLock speedFull tech treeHidden civsTurbo modeCheats
Victory
Defeat
🇹🇼 Armenians · Taiwan
1020
+12
🇩🇪 Britons · Germany
949
+15
🇹🇼 Cumans · Taiwan
924
+16
🇹🇷 Turks · Türkiye
862
+19
🇫🇷 Magyars · France
962
-17
🇨🇳 Spanish · China
934
-16
🇻🇳 Japanese · Vietnam
914
-15
🇮🇳 Vikings · India
889
-14
david
11:26 Feudal Age
16:17 Castle Age
14:34 Double-Bit Axe
15:38 Horse Collar
20:26 Bow Saw
22:02 Heavy Plow
26:48 Gold Mining
27:29 Stone Mining
31:45 Imperial Age
30:17 Wheelbarrow
30:27 Wheelbarrow
29:38 Loom
30:03 Padded Archer Armor
30:22 Squires
32:23 Hand Cart
32:18 Elite Skirmisher
32:50 Fletching
33:16 Leather Archer Armor
34:39 Chemistry
33:35 Bodkin Arrow
34:32 Thumb Ring
35:32 Gold Shaft Mining
36:58 Scale Mail Armor
36:59 Bracer
37:50 Ring Archer Armor
39:07 Chain Mail Armor
39:57 Elite Samurai
40:13 Capped Ram
45:12 Cavalier
47:11 Two-Man Saw
46:16 Cavalier
47:20 Bloodlines
Owen Knight
5:40 Loom
14:01 Feudal Age
15:40 Double-Bit Axe
18:33 Castle Age
21:47 Bow Saw
28:18 Stone Mining
28:21 Gold Mining
28:18 Horse Collar
33:45 Gold Shaft Mining
34:34 Padded Archer Armor
34:24 Fletching
37:06 Imperial Age
34:23 Town Watch
34:45 Heavy Plow
34:16 Elite Skirmisher
34:17 Crossbowman
36:39 Leather Archer Armor
36:19 Bodkin Arrow
39:21 Ring Archer Armor
38:51 Bracer
45:24 Scale Mail Armor
45:35 Forging
44:48 Elite Berserk
45:38 Arbalester
BrocK
0:33 Loom
6:06 Loom
11:12 Feudal Age
12:52 Double-Bit Axe
19:11 Castle Age
18:28 Horse Collar
26:32 Heavy Plow
28:13 Fletching
31:56 Corvinian Army
story
1:02 Loom
17:21 Feudal Age
18:38 Horse Collar
20:29 Man-at-Arms
文森
0:36 Loom
19:13 Feudal Age
19:14 Man-at-Arms
20:02 Long Swordsman
31:22 Wheelbarrow
32:58 Castle Age
31:47 Arson
33:26 Wheelbarrow
33:16 Forging
33:12 Double-Bit Axe
33:18 Gold Mining
33:20 Stone Mining
33:52 Scale Mail Armor
34:34 Bow Saw
36:58 Horse Collar
38:23 Hand Cart
39:15 Heavy Plow
42:39 Iron Casting
44:53 Imperial Age
42:46 Ballistics
42:43 Town Watch
43:47 Gold Shaft Mining
43:43 Chain Mail Armor
42:50 Two-Handed Swordsman
43:20 Gambesons
43:36 Squires
45:04 Champion
45:06 Pikeman
47:08 Blast Furnace
48:18 Chemistry
47:52 Plate Mail Armor
皇上駕到
10:42 Loom
13:48 Feudal Age
14:59 Horse Collar
15:12 Double-Bit Axe
26:20 Castle Age
26:11 Bloodlines
34:40 Wheelbarrow
34:17 Forging
34:13 Scale Barding Armor
34:20 Bow Saw
34:13 Heavy Plow
34:06 Gold Mining
34:30 Caravan
38:25 Imperial Age
36:33 Hand Cart
40:16 Two-Man Saw
41:42 Elite Steppe Lancer
43:03 Iron Casting
42:49 Chain Barding Armor
43:06 Gold Shaft Mining
43:22 Cavalier
43:24 Light Cavalry
45:10 Blast Furnace
44:54 Crop Rotation
45:51 Paladin
45:54 Capped Ram
45:54 Onager
47:36 Coinage
47:17 Guilds
47:59 Plate Barding Armor
Andy
1:02 Loom
10:37 Feudal Age
16:39 Castle Age
15:13 Double-Bit Axe
19:02 Bow Saw
18:50 Gold Mining
18:53 Stone Mining
22:18 Horse Collar
24:16 Heavy Plow
27:20 Wheelbarrow
30:35 Imperial Age
29:15 Hand Cart
29:08 Elite Skirmisher
30:28 Fletching
30:39 Padded Archer Armor
30:02 Pikeman
30:42 Squires
30:32 Crossbowman
31:33 Caravan
31:14 Arbalester
32:26 Conscription
33:14 Bodkin Arrow
33:29 Forging
33:20 Scale Mail Armor
33:35 Leather Archer Armor
34:54 Two-Man Saw
35:10 Halberdier
38:05 Bracer
42:35 Iron Casting
42:15 Chain Mail Armor
42:30 Ring Archer Armor
43:01 Ballistics
42:50 Man-at-Arms
43:15 Gambesons
44:01 Long Swordsman
45:04 Two-Handed Swordsman
46:14 Yeomen
Delii
0:30 Loom
0:33 Loom
18:00 Feudal Age
21:28 Wheelbarrow
20:52 Double-Bit Axe
20:49 Horse Collar
21:01 Gold Mining
21:02 Stone Mining
22:05 Padded Archer Armor
24:08 Castle Age
25:47 Bow Saw
29:40 Imperial Age
29:48 Leather Archer Armor
30:28 Gold Shaft Mining
31:59 Hand Cart
33:04 Conscription
40:43 Elite Janissary
Connection lost

Rejoining the realm…

Still unreachable

The connection could not be restored.

Session expired

The server has moved on; the page needs a fresh start.